Map: Dusk Towers

Players

Guru - Winner!

  • Race: Zerg Zerg
  • League: Diamond

Zanster

  • Race: Zerg Zerg

Event: Homestory Cup XII

VOD

Have the link to the VOD?

Description

Time

  • Played on: Dec. 17, 2015, 11:07 a.m.
  • Length: 4:11

All games in this series

Show
View Real Time Build Order
Export as new Build Order

Guru Zerg - Winner!

Build Orders: Pool First 

Get SALT Encoding   

  12  0:01  Drone  
  13  0:08  Drone  
  14  0:26  Spawning Pool  
  13  0:29  Drone  
  13  0:32  Extractor  
  13  0:35  Drone  
  14  0:44  Overlord  
  14  1:02  Drone  
  15  1:13  Queen  
  15  1:14  Zergling x6  
  20  1:25  Zergling x2  
  21  1:33  Metabolic Boost  
  21  1:36  Zergling x2  
  22  1:47  Overlord  
  22  1:55  Baneling Nest  
  22  1:57  Zergling x2  
  22  2:07  Zergling x2  
  23  2:19  Zergling x2  
  23  2:20  Zergling x2  
  23  2:21  Zergling x2  
  26  2:24  Zergling x2  
  27  2:32  Zergling x2  
  28  2:43  Baneling  
  28  2:44  Zergling x2  
  29  2:53  Zergling x2  
  29  2:58  Hatchery  
  28  3:07  Overlord  
  28  3:11  Drone x2  
  30  3:24  Baneling x2  
  30  3:25  Drone  
  31  3:30  Zergling x2  
  32  3:41  Drone  
  32  3:43  Drone  
  32  3:44  Drone  
  32  3:46  Overlord  
  34  3:50  Drone  
  34  3:52  Baneling  
Show
View Real Time Build Order
Export as new Build Order

Zanster Zerg 

Build Orders: 3 Hatch before Pool 

Get SALT Encoding   

  12  0:01  Drone  
  13  0:13  Overlord  
  13  0:17  Drone  
  14  0:32  Drone  
  14  0:33  Drone  
  16  0:37  Drone  
  17  0:48  Drone  
  18  0:55  Hatchery  
  17  0:58  Drone  
  18  1:08  Drone  
  19  1:20  Hatchery  
  19  1:23  Drone  
  19  1:25  Extractor  
  18  1:30  Drone  
  19  1:41  Spawning Pool  
  19  1:43  Drone  
  19  1:51  Drone  
  20  2:01  Drone  
  20  2:08  Drone  
  22  2:17  Overlord  
  22  2:28  Zergling x4  
  24  2:30  Spine Crawler  
  24  2:35  Queen  
  25  2:45  Zergling x2  
  25  2:50  Zergling x2  
  27  2:54  Zergling x4  
  27  2:57  Zergling x2  
  23  3:10  Zergling x4  
  23  3:21  Queen  
  25  3:30  Zergling x4  
  26  3:38  Baneling Nest  
  22  3:43  Zergling x4  
  24  3:52  Zergling x2  
Tags
 
Add a new tag
Caveats
  • Supply blocks, unpowered buildings, or Contaminate may cause inaccurate times.
  • Supply counts are checked every 10 seconds.